 Dungeon Crawl Stone Soup version 0.29-a0-529-gfa20dd96a1 (webtiles) character file.

Game seed: 6718540234507343342

2660 Spectrina the Reanimator (level 10, -1/47 (72) HPs)
             Began as a Meteoran Necromancer on June 1, 2022.
             Was an Initiate of Yredelemnul.
             Slain by a wight
             ... wielding a +0 scimitar
              (7 damage)
             ... on level 8 of the Dungeon on June 2, 2022.
             The game lasted 00:26:30 (2188 turns).

Spectrina the Reanimator (Meteoran Necromancer)     Turns: 2188, Time: 00:26:31

HP:   -1/47 (72)    AC:  6    Str:  9    XL:     10   Next: 15%
MP:   20/20         EV: 11    Int: 28    God:    Yredelemnul [......]
Gold: 260           SH:  0    Dex: 15    Spells: 8/21 levels left

rFire   . . .      SeeInvis .   n - +0 rapier
rCold   . . .      Faith    .   (no shield)
rNeg    . . .      Spirit   .   r - +0 ring mail
rPois   .          Reflect  .   (no helmet)
rElec   .          Harm     .   (no cloak)
rCorr   .          Rampage  .   c - +0 pair of gloves
Will    +....                   (no boots)
Stlth   +.........              g - amulet of magic regeneration
HPRegen 0.15/turn               z - +6 ring of intelligence
MPRegen 0.57/turn               (no ring)

@: glowing, very heavily drained
A: sense surroundings 2, otherworldly, glowing, explore regen
a: Renounce Religion, Recall Undead Harvest


You were on level 8 of the Dungeon.
You worshipped Yredelemnul.
Yredelemnul was noncommittal.
You visited 2 branches of the dungeon, and saw 9 of its levels.

You collected 260 gold pieces.

Inventory:

Hand Weapons
 k - a +0 dagger
 n - a +0 rapier (weapon)
 t - a +0 hunting sling
 A - a +0 shortbow
 D - a +2 hunting sling of freezing
Missiles
 x - 135 stones
 E - 2 javelins
 I - 5 poisoned darts
Armour
 a - a +0 robe
 c - a +0 pair of gloves (worn)
 r - a +0 ring mail (worn)
 M - a +0 plate armour of fire resistance
Jewellery
 g - an amulet of magic regeneration (around neck)
 u - a ring of ice
 y - a ring of ice
 z - a +6 ring of intelligence (left hand)
Wands
 j - a wand of flame (5) (quivered)
Scrolls
 d - 2 scrolls of noise {unknown}
 f - 2 scrolls of magic mapping
 h - a scroll of torment {unknown}
 i - a scroll of silence {unknown}
 l - a scroll of brand weapon {unknown}
 o - 2 scrolls of enchant weapon {unknown}
 p - a scroll of poison {unknown}
 q - 3 scrolls of fear
 w - a scroll of fog {unknown}
 C - a scroll of vulnerability {unknown}
 G - 3 scrolls of summoning {unknown}
 H - a scroll of teleportation {unknown}
Potions
 b - a potion of magic
 e - 4 potions of curing
 m - a potion of mutation
 v - 2 potions of resistance
 F - a potion of flight
 J - a potion of heal wounds {unknown}
 L - 2 potions of brilliance


   Skills:
 + Level 1.5 Fighting
 + Level 1.7 Armour
 + Level 3.1 Dodging
 - Level 1.4 Stealth
 + Level 6.1 Spellcasting
 + Level 12.0 Necromancy
 * Level 6.8 Invocations


You had 8 spell levels left.
You knew the following spells:

 Your Spells              Type           Power      Damage    Failure   Level
a - Agony                 Necr           66%        N/A       3%          5
l - Animate Dead          Necr           66%        N/A       1%          4
q - Necrotize             Necr           100%       1d9       1%          1
r - Vampiric Draining     Necr           66%        2d10      1%          3

Your spell library contained the following spells:

 Spells                   Type           Power      Damage    Failure   Level


Dungeon Overview and Level Annotations

Branches:
Dungeon (8/15)             Temple (1/1) D:6
   Lair: D:8-11

Altars:
Nemelex Xobeh
Qazlal
Yredelemnul

Portals:
Bailey: D:8


Innate Abilities, Weirdness & Mutations

You passively map the area around you.
You are easily found by Zot.
You glow in the dark.
You regain HP and MP as you explore.


Message History

The puff of flame hits the wight.
The wight resists.
The wight is moderately damaged.
The wight hits you with a +0 scimitar.
You barely miss the wight.
The wight is moderately damaged.
The wight misses you.
The wight splashes around in the water.
Okay, then.
You closely miss the wight.
The wight is moderately damaged.
The wight hits you with a +0 scimitar.
You feel drained.
You closely miss the wight.
The wight is moderately damaged.
The wight hits you with a +0 scimitar!
You feel drained.
You hit the wight.
The wight is moderately damaged.
The wight splashes around in the water.
You hit the wight.
The wight is heavily damaged.
The wight completely misses you.
You hit the wight but do no damage.
The wight is heavily damaged.
The wight hits you with a +0 scimitar.
You closely miss the wight.
The wight is heavily damaged.
The wight hits you but does no damage.
Okay, then.
Okay, then.
You barely miss the wight.
The wight is heavily damaged.
The wight hits you with a +0 morningstar.
You feel drained. The wight completely misses you.
You barely miss the wight.
The wight is heavily damaged.
The wight hits you with a +0 morningstar!
* * * LOW HITPOINT WARNING * * *
You feel drained.
* * * LOW HITPOINT WARNING * * *
The wight hits you with a +0 scimitar!
You die...
Your body rises from the dead as a mindless zombie.

, , ,, , *
#.............. * .
............... , ,
.##.#.)......... , *
* ............... , *
** #...........# ** ,
,* , *#..≈≈≈≈≈...#.,,
, ,* #..≈z..≈....#**
, * , #..z@∩.≈..... ,
, #..≈))!≈..#..* ,
*#.#####..≈≈≈≈≈.....
,
,,.....!.......?..#..
, , * *
#.#####............,
, #.....$...... , , ,
* * #.<......(##. * ,
####..######.# * * ,
>..######.....# #..##


You could see 2 wights.

Vanquished Creatures
  A hornet (D:7)
  An orc warrior (D:7)
  A black bear (D:5)
  4 ice beasts
  2 ogres (D:5)
  5 centaurs
  3 bullfrogs
  A kobold brigand (D:6)
  2 necrophages (D:5)
  A scorpion (D:5)
  3 wights (D:8)
  An electric eel (D:6)
  A howler monkey (D:5)
  6 hounds
  A gnoll shaman (D:7)
  5 iguanas
  2 orc wizards (D:7)
  6 adders
  5 gnolls (D:7)
  2 shadow imps (D:6)
  2 dart slugs
  5 orcs (D:5)
  3 ball pythons
  2 bats (D:2)
  3 endoplasms
  5 goblins
  4 hobgoblins
  2 quokkas
  A frilled lizard (D:3)
  4 kobolds
  2 rats
86 creatures vanquished.

Vanquished Creatures (collateral kills)
  A sky beast (D:5)
  A scorpion (D:7)
  An adder (D:6)
  2 orcs (D:7)
5 creatures vanquished.

Vanquished Creatures (others)
  An iguana zombie (D:5)
  4 goblin zombies (D:8)
5 creatures vanquished.

Grand Total: 96 creatures vanquished

Notes
Turn   | Place    | Note
-------+----------+-------------------------------------------
     0 | D:1      | Spectrina the Meteoran Necromancer began the quest for the
                  | Orb.
     0 | D:1      | Reached XP level 1. HP: 14/14 MP: 5/5
   131 | D:1      | Reached XP level 2. HP: 3/20 MP: 2/6
   205 | D:1      | Reached skill level 5 in Necromancy
   300 | D:3      | Reached XP level 3. HP: 26/26 MP: 6/8
   415 | D:5      | Entered Level 5 of the Dungeon
   618 | D:5      | Noticed an ogre
   619 | D:5      | Noticed a centaur
   740 | D:4      | Reached skill level 6 in Necromancy
   740 | D:4      | Reached XP level 4. HP: 33/33 MP: 7/9
   747 | D:4      | Learned a level 3 spell: Vampiric Draining
   752 | D:4      | Learned a level 4 spell: Animate Dead
   889 | D:5      | Noticed a necrophage
   893 | D:5      | Reached XP level 5. HP: 38/38 MP: 8/10
   906 | D:5      | Killed a centaur
   907 | D:5      | Reached skill level 7 in Necromancy
   907 | D:5      | Reached XP level 6. HP: 19/45 MP: 6/11
   911 | D:5      | Killed an ogre
   912 | D:5      | Reached skill level 8 in Necromancy
   912 | D:5      | Reached XP level 7. HP: 35/50 MP: 9/12
   989 | D:5      | Reached skill level 9 in Necromancy
  1165 | D:5      | Reached XP level 8. HP: 49/57 MP: 9/13
  1181 | D:5      | Reached skill level 10 in Necromancy
  1241 | D:5      | Reached skill level 11 in Necromancy
  1262 | D:5      | Gained mutation: You passively map the area around you.
                  | [Meteoran growth]
  1262 | D:5      | Reached XP level 9. HP: 34/62 MP: 4/15
  1542 | D:6      | Learned a level 5 spell: Agony
  1575 | D:6      | Found a staircase to the Ecumenical Temple.
  1587 | Temple   | Entered the Ecumenical Temple
  1594 | Temple   | Became a worshipper of Yredelemnul the Dark
  1694 | D:6      | Reached skill level 1 in Invocations
  1759 | D:6      | Reached * piety under Yredelemnul
  1845 | D:7      | Noticed a hornet
  1849 | D:7      | Killed a hornet
  1850 | D:7      | Reached skill level 5 in Spellcasting
  1867 | D:7      | Reached skill level 5 in Invocations
  1969 | D:7      | Reached ** piety under Yredelemnul
  1991 | D:7      | Reached *** piety under Yredelemnul
  2030 | D:7      | Reached skill level 1 in Fighting
  2030 | D:7      | Reached skill level 1 in Armour
  2030 | D:7      | Reached XP level 10. HP: 66/71 MP: 8/19
  2068 | D:8      | Found a flagged portal.
  2103 | D:8      | Reached skill level 12 in Necromancy
  2188 | D:8      | Slain by a wight

Illustrated notes

Levels and vault maps discovered:
D:1:      ncdulo_halloftheorcs, layout_loops_ring, minmay_3d_cube
D:2:      layout_basic, serial_shops, nicolae_shop_statue_plus, basic_altar,
          minmay_misc_feat_encased, hangedman_decor_lopped
D:3:      layout_basic
D:4:      layout_loops_ring
D:5:      minmay_chambers_of_threes, layout_loops_ring
D:6:      layout_rooms, minmay_temple_entry_tees, nicolae_water_bricks,
          grunt_ministairs_4
D:7:      layout_loops_ring
D:8:      layout_rooms, enter_bailey_5
Temple:   minmay_crystal_snake_temple

Skill      XL: |  1  2  3  4  5  6  7  8  9 10 |
---------------+-------------------------------+-----
Necromancy     | 5 6 7 8 9 11 12 | 12.0
Spellcasting   | 3 5 6 |  6.1
Invocations    | 6 |  6.8
Fighting       | 1 |  1.5
Armour         | 1 |  1.7
Dodging        | 3 |  3.1
Stealth        | |  1.4

Action                   |  1- 3 |  4- 6 |  7- 9 | 10-12 || total
-------------------------+-------+-------+-------+-------++-------
Melee: Unarmed           |     7 |       |       |       ||     7
       Rapier            |     1 |     6 |    66 |    29 ||   102
       Punch             |       |     1 |       |     1 ||     2
Throw: Javelin           |       |     4 |     4 |     1 ||     9
       Dart              |       |       |     2 |       ||     2
 Cast: Necrotize         |    46 |    15 |    38 |     6 ||   105
       Vampiric Draining |       |       |    57 |     2 ||    59
       Animate Dead      |       |       |     3 |       ||     3
       Agony             |       |       |     1 |       ||     1
Evoke: Wand              |       |       |       |     8 ||     8
  Use: Scroll            |     1 |       |     1 |     7 ||     9
       Potion            |       |     1 |     1 |     2 ||     4
Armor: Robe              |     6 |       |       |       ||     6
       Ring mail         |     2 |    18 |    74 |     4 ||    98
Dodge: Dodged            |     8 |     9 |    72 |    14 ||   103

Table legend: (Time is in decaauts)
 A = Elapsed time spent in this place.
 B = Non-inter-level travel time spent in this place.
 C = Inter-level travel time spent in this place.
 D = Time resting spent in this place.
 E = Time spent auto-exploring this place.
 F = Levels seen in this place.
 G = Mean time per level.
                   A        B        C        D        E       F      G
               +--------+--------+--------+--------+--------+-----+--------+
         Total |   2220 |   2054 |    166 |      0 |      0 |   9 |  246.7 |
       Dungeon |   2205 |   2039 |    166 |      0 |      0 |   8 |  275.6 |
        Temple |     14 |     14 |      0 |      0 |      0 |   1 |   14.0 |
               +--------+--------+--------+--------+--------+-----+--------+

Top non-repeatable levels by time:
     D:5: 644 daAuts
     D:4: 446 daAuts
     D:6: 331 daAuts
     D:7: 265 daAuts
     D:1: 162 daAuts
     D:3: 158 daAuts
     D:8: 102 daAuts
     D:2: 93 daAuts
  Temple: 14 daAuts
